[Event "20th Prague Open 2022"]
[Site "Prague"]
[Date "2022.01.08"]
[Round "2.3"]
[White "Sindler, Michal"]
[Black "Mirzoev, Azer"]
[Result "0-1"]
[ECO "B13"]
[WhiteElo "2138"]
[BlackElo "2420"]
[Annotator "ChessBase"]
[PlyCount "106"]
[EventDate "2022.01.07"]
[EventType "swiss"]
[EventCountry "CZE"]
[SourceTitle "playchess.com"]
[Source "ChessBase"]
[SourceQuality "1"]
[TimeControl "40/5400+30:1800+30"]

1. e4 c6 2. d4 d5 3. exd5 cxd5 4. Bd3 Nc6 5. c3 Nf6 6. Bf4 Bg4 7. Qb3 Qc8 8. Nd2 e6 9. Ngf3 Bh5 10. Ne5 Nxe5 11. Bxe5 Bg6 12. Bxg6 hxg6 13. O-O Qd7 14. Qd1 Be7 15. a3 O-O 16. g4 Rfc8 17. Kg2 Qb5 18. Rb1 Qd3 19. Bxf6 gxf6 20. f4 Kg7 21. Rf3 Qb5 22. f5 exf5 23. gxf5 Rh8 24. fxg6 fxg6 25. Nf1 Bd6 26. h3 Rae8 27. Ne3 Rh5 28. Qc2 Rg5+ 29. Kh1 f5 30. Nxf5+ gxf5 31. Rxf5 Rg6 32. Rbf1 Re7 33. Rf8 Qd7 34. Rg8+ Kxg8 35. Qxg6+ Rg7 36. Qh5 Qe6 37. Qf5 Qe4+ 38. Qxe4 dxe4 39. Re1 Re7 40. Kg2 Kf7 41. c4 Kf6 42. Kf2 Bf4 43. Ke2 Rg7 44. Kd1 Kf5 45. Re2 Rg3 46. Kc2 Rxh3 47. d5 b6 48. b3 Rh2 49. Rxh2 Bxh2 50. b4 Bd6 51. Kd2 Kf4 52. Ke2 Ke5 53. Ke3 Be7 0-1

[Event "20th Prague Open 2022"]
[Site "Prague"]
[Date "2022.01.08"]
[Round "2.4"]
[White "Neuman, Petr"]
[Black "Melaa, Sondre"]
[Result "1-0"]
[ECO "A13"]
[WhiteElo "2402"]
[BlackElo "2169"]
[Annotator "ChessBase"]
[PlyCount "67"]
[EventDate "2022.01.07"]
[EventType "swiss"]
[EventCountry "CZE"]
[SourceTitle "playchess.com"]
[Source "ChessBase"]
[SourceQuality "1"]
[TimeControl "40/5400+30:1800+30"]

1. Nf3 d5 2. g3 Nf6 3. Bg2 e6 4. c4 dxc4 5. Na3 Bxa3 6. bxa3 O-O 7. Bb2 c5 8. Qc2 Nd5 9. Qxc4 b6 10. O-O Nd7 11. e4 N5f6 12. d3 Bb7 13. Rad1 Qe7 14. h3 Rac8 15. Nd2 e5 16. f4 Ne8 17. Qc3 Nd6 18. a4 f6 19. Bf3 Kh8 20. Bg4 exf4 21. gxf4 f5 22. Bf3 fxe4 23. dxe4 Rxf4 24. Bg2 Rff8 25. Qg3 Ba6 26. Rfe1 Rcd8 27. Nf3 Nc4 28. Ba1 Nf6 29. Nh4 Nh5 30. Qg4 Rxd1 31. Rxd1 Qf7 32. Rd7 Qf2+ 33. Kh2 Nf6 34. Qxg7# 1-0

[Event "20th Prague Open 2022"]
[Site "Prague"]
[Date "2022.01.08"]
[Round "2.5"]
[White "Bodicky, Michal"]
[Black "Haring, Filip"]
[Result "0-1"]
[ECO "A21"]
[WhiteElo "2137"]
[BlackElo "2398"]
[Annotator "ChessBase"]
[PlyCount "88"]
[EventDate "2022.01.07"]
[EventType "swiss"]
[EventCountry "CZE"]
[SourceTitle "playchess.com"]
[Source "ChessBase"]
[SourceQuality "1"]
[TimeControl "40/5400+30:1800+30"]

1. c4 e5 2. Nc3 Bb4 3. Qc2 Nf6 4. g3 O-O 5. Bg2 c6 6. a3 Ba5 7. Nf3 Re8 8. O-O e4 9. Ne1 d5 10. cxd5 cxd5 11. d3 Nc6 12. b4 Bb6 13. Bg5 h6 14. Bxf6 Qxf6 15. dxe4 Nd4 16. Qd1 dxe4 17. Nxe4 Rxe4 18. Bxe4 Nxe2+ 19. Qxe2 Qxa1 20. Qf3 Be6 21. Ng2 Qb2 22. Nf4 Bc4 23. Rb1 Qa2 24. Rc1 Rd8 25. Bb1 Qb3 26. Qxb3 Bxb3 27. Be4 g6 28. Rc3 Ba2 29. Rd3 Re8 30. Bxb7 Re1+ 31. Kg2 g5 32. Nd5 Bc4 33. Rd2 Ra1 34. Nxb6 Bf1+ 35. Kf3 axb6 36. Rd8+ Kg7 37. Ra8 Rc1 38. Rc8 Re1 39. Rc2 h5 40. h4 Re7 41. Be4 f6 42. Rc6 g4+ 43. Kf4 Rxe4+ 44. Kf5 Bd3 0-1

[Event "20th Prague Open 2022"]
[Site "Prague"]
[Date "2022.01.08"]
[Round "2.6"]
[White "Jurcik, Marian"]
[Black "Eriksson, Christian Altenburg"]
[Result "1-0"]
[ECO "B24"]
[WhiteElo "2397"]
[BlackElo "2145"]
[Annotator "RC"]
[PlyCount "79"]
[EventDate "2022.01.07"]
[EventType "swiss"]
[EventCountry "CZE"]
[SourceTitle "playchess.com"]
[Source "ChessBase"]
[SourceQuality "1"]
[TimeControl "40/5400+30:1800+30"]

1. e4 c5 2. Nc3 Nc6 3. Bb5 Nd4 4. Nf3 a6 5. Bd3 e6 6. O-O Qc7 7. Nxd4 cxd4 8. Ne2 Bc5 9. a3 Ne7 10. b4 Ba7 11. Bb2 Nc6 12. f4 d6 13. Kh1 b5 14. c3 dxc3 15. Bxc3 e5 16. Ng3 Qe7 17. a4 Rb8 18. axb5 axb5 19. f5 f6 20. Qh5+ Qf7 21. Bc2 Bb6 22. Bb3 Qxh5 23. Nxh5 Kf8 24. Rfc1 Ne7 25. d4 exd4 26. Bd2 Bb7 27. Bf4 Rd8 28. Re1 Nc8 29. Bg3 d3 30. Rad1 Bd4 31. Rxd3 Be5 32. Bxe5 fxe5 33. Rc3 Ne7 34. Rc7 Bc6 35. Be6 d5 36. f6 gxf6 37. Rf1 f5 38. Rxf5+ Nxf5 39. Rf7+ Ke8 40. Nf6# 1-0

[Event "20th Prague Open 2022"]
[Site "Prague"]
[Date "2022.01.08"]
[Round "2.7"]
[White "Blahynka, Martin"]
[Black "Soucek, Petr"]
[Result "1-0"]
[ECO "E71"]
[WhiteElo "2399"]
[BlackElo "2117"]
[Annotator "ChessBase"]
[PlyCount "75"]
[EventDate "2022.01.07"]
[EventType "swiss"]
[EventCountry "CZE"]
[SourceTitle "playchess.com"]
[Source "ChessBase"]
[SourceQuality "1"]
[TimeControl "40/5400+30:1800+30"]

1. c4 d6 2. Nc3 Nf6 3. d4 g6 4. e4 Bg7 5. h3 O-O 6. Be3 e5 7. d5 Na6 8. g4 Nc5 9. f3 c6 10. h4 cxd5 11. cxd5 Bd7 12. h5 Qa5 13. h6 Bh8 14. Bd3 b5 15. a3 b4 16. axb4 Nxd3+ 17. Kf1 Qxb4 18. Qxd3 Rfc8 19. Nge2 a5 20. Kf2 Ne8 21. Ra2 Bf6 22. Rha1 Bd8 23. Kg3 Bb6 24. Bd2 Qc5 25. Be1 Bd8 26. Bd2 Bb6 27. Be1 Bd8 28. Kg2 Rcb8 29. Bf2 Qb4 30. Be3 Bb6 31. Nc1 Nc7 32. Qd2 a4 33. Bxb6 Rxb6 34. Nd3 Qd4 35. Ne2 Qc4 36. Rc1 Qxa2 37. Rxc7 Bb5 38. Qg5 1-0

[Event "20th Prague Open 2022"]
[Site "Prague"]
[Date "2022.01.08"]
[Round "2.8"]
[White "Hlavina, Matous"]
[Black "Fus, Jakub"]
[Result "0-1"]
[ECO "B13"]
[WhiteElo "2125"]
[BlackElo "2384"]
[Annotator "ChessBase"]
[PlyCount "112"]
[EventDate "2022.01.07"]
[EventType "swiss"]
[EventCountry "CZE"]
[SourceTitle "playchess.com"]
[Source "ChessBase"]
[SourceQuality "1"]
[TimeControl "40/5400+30:1800+30"]

1. e4 c6 2. d4 d5 3. exd5 cxd5 4. Bd3 Nc6 5. c3 Qc7 6. Ne2 Bg4 7. O-O Nf6 8. Qe1 Qc8 9. Bf4 Bf5 10. Nc1 Bxd3 11. Nxd3 e6 12. Nd2 Be7 13. Nf3 O-O 14. Qe2 Nd7 15. Rae1 b5 16. a3 Re8 17. Ng5 Bxg5 18. Bxg5 e5 19. dxe5 Ndxe5 20. Be3 Nc4 21. Qf3 Qd7 22. h3 N6e5 23. Nxe5 Nxe5 24. Qg3 f6 25. Rd1 Nc4 26. Bc1 Rad8 27. Qd3 a5 28. Rfe1 a4 29. Rxe8+ Qxe8 30. Kf1 Qg6 31. Qe2 Re8 32. Be3 Qf5 33. Kg1 Kf7 34. g4 Qe5 35. Qd3 Nxb2 36. Qxd5+ Qxd5 37. Rxd5 Nc4 38. Rxb5 Nxe3 39. fxe3 Rxe3 40. Rb4 Rxh3 41. Rxa4 Rxc3 42. Kg2 Rc5 43. Rb4 Rc2+ 44. Kg1 Kg6 45. a4 Ra2 46. Rc4 Kg5 47. Kf1 h5 48. gxh5 Kxh5 49. Rc7 g5 50. Rf7 Kg6 51. Ra7 f5 52. a5 f4 53. Ra8 Kf5 54. a6 Kg4 55. a7 Kf3 56. Kg1 g4 0-1

[Event "20th Prague Open 2022"]
[Site "Prague"]
[Date "2022.01.08"]
[Round "2.9"]
[White "Kozak, Antoni"]
[Black "Brozka, Karel"]
[Result "1-0"]
[ECO "B13"]
[WhiteElo "2356"]
[BlackElo "2143"]
[Annotator "ChessBase"]
[PlyCount "75"]
[EventDate "2022.01.07"]
[EventType "swiss"]
[EventCountry "CZE"]
[SourceTitle "playchess.com"]
[Source "ChessBase"]
[SourceQuality "1"]
[TimeControl "40/5400+30:1800+30"]

1. e4 c6 2. d4 d5 3. exd5 cxd5 4. Bd3 Nc6 5. c3 Nf6 6. h3 g6 7. Bf4 Bg7 8. Nf3 Bf5 9. Be2 O-O 10. Nbd2 Ne4 11. O-O Rc8 12. Re1 Nxd2 13. Qxd2 Re8 14. Rad1 Qa5 15. a3 b5 16. Nh2 Qb6 17. Nf1 Na5 18. b4 Nb7 19. Ne3 Be6 20. Bf3 Qc6 21. Qa2 Red8 22. Rc1 Qd7 23. Nd1 Bf5 24. Qe2 e6 25. Nb2 h6 26. g4 g5 27. gxf5 gxf4 28. fxe6 Qxe6 29. Qxe6 fxe6 30. Bg4 Rc7 31. Bxe6+ Kh8 32. Nd3 Bf6 33. Kg2 Rd6 34. Kf3 Nd8 35. Bf5 Nf7 36. Nxf4 Bg5 37. Re8+ Kg7 38. Nh5# 1-0

[Event "20th Prague Open 2022"]
[Site "Prague"]
[Date "2022.01.08"]
[Round "2.10"]
[White "Van Osch, Mees"]
[Black "Koubova, Anna Marie"]
[Result "1-0"]
[ECO "B15"]
[WhiteElo "2364"]
[BlackElo "2148"]
[Annotator "ChessBase"]
[PlyCount "71"]
[EventDate "2022.01.07"]
[EventType "swiss"]
[EventCountry "CZE"]
[SourceTitle "playchess.com"]
[Source "ChessBase"]
[SourceQuality "1"]
[TimeControl "40/5400+30:1800+30"]

1. e4 c6 2. d4 d5 3. Nc3 dxe4 4. Nxe4 Nf6 5. Nxf6+ exf6 6. c3 Bd6 7. Bd3 O-O 8. Qc2 Re8+ 9. Ne2 h5 10. Be3 Nd7 11. O-O-O b5 12. d5 c5 13. Bxb5 Rb8 14. c4 a6 15. Ba4 Re7 16. Rhe1 Ne5 17. Ng3 Reb7 18. b3 Rb4 19. Bd2 Rxa4 20. bxa4 Qb6 21. Re3 Ng4 22. Rb3 Qc7 23. Ne4 Bd7 24. Rxb8+ Qxb8 25. Qb3 Qc7 26. f3 Ne5 27. a5 Bf5 28. Qb6 Bxe4 29. Qxc7 Bxc7 30. fxe4 Nxc4 31. g3 Kf8 32. Kc2 Ke7 33. Kb3 Ne5 34. Bf4 Bxa5 35. Bxe5 fxe5 36. Kc4 1-0

[Event "20th Prague Open 2022"]
[Site "Prague"]
[Date "2022.01.08"]
[Round "2.12"]
[White "Carlsson, Ludvig"]
[Black "Delgerdalai, Bayarjavkhlan"]
[Result "1-0"]
[ECO "A28"]
[WhiteElo "2355"]
[BlackElo "2062"]
[Annotator "ChessBase"]
[PlyCount "93"]
[EventDate "2022.01.07"]
[EventType "swiss"]
[EventCountry "CZE"]
[SourceTitle "playchess.com"]
[Source "ChessBase"]
[SourceQuality "1"]
[TimeControl "40/5400+30:1800+30"]

1. c4 e5 2. Nc3 Nf6 3. Nf3 Nc6 4. e3 Bb4 5. Qc2 O-O 6. Nd5 Be7 7. a3 a5 8. b3 d6 9. Bb2 h6 10. d4 Bg4 11. Nxe7+ Qxe7 12. d5 Nb8 13. Be2 Nbd7 14. h3 Bh5 15. Nh4 Bxe2 16. Nf5 Qd8 17. Kxe2 g6 18. Nxh6+ Kg7 19. Ng4 Nxg4 20. hxg4 Qg5 21. f3 f5 22. Raf1 Rh8 23. Rh3 fxg4 24. f4 Qe7 25. fxe5 Nxe5 26. Rxh8 Rxh8 27. Qe4 Rh4 28. Qf4 b6 29. a4 Rh5 30. Qxg4 Rg5 31. Qe4 Qe8 32. Qf3 Rf5 33. Qg4 Rxf1 34. Kxf1 Qf7+ 35. Ke2 Qf6 36. Bxe5 dxe5 37. Qd7+ Kh6 38. Qxc7 Qf5 39. Qe7 Qc2+ 40. Kf3 Qxb3 41. d6 Qxc4 42. d7 Qf1+ 43. Kg3 Qe1+ 44. Kh2 g5 45. Qf6+ Kh7 46. Qf5+ Kh6 47. d8=Q 1-0

[Event "20th Prague Open 2022"]
[Site "Prague"]
[Date "2022.01.08"]
[Round "2.13"]
[White "Pham, Khoi"]
[Black "Sorm, Daniel"]
[Result "1/2-1/2"]
[ECO "C78"]
[WhiteElo "2114"]
[BlackElo "2348"]
[Annotator "ChessBase"]
[PlyCount "53"]
[EventDate "2022.01.07"]
[EventType "swiss"]
[EventCountry "CZE"]
[SourceTitle "playchess.com"]
[Source "ChessBase"]
[SourceQuality "1"]
[TimeControl "40/5400+30:1800+30"]

1. e4 e5 2. Nf3 Nc6 3. Bb5 a6 4. Ba4 Nf6 5. O-O b5 6. Bb3 Bc5 7. c3 d6 8. a4 Bd7 9. d4 Bb6 10. h3 h6 11. Be3 Nxe4 12. dxe5 Bxe3 13. fxe3 O-O 14. exd6 Nxd6 15. Nbd2 Qe7 16. e4 Rad8 17. axb5 axb5 18. Qe2 Be6 19. Bxe6 Qxe6 20. Nd4 Qe8 21. Rae1 Ne5 22. N2f3 Nxf3+ 23. Nxf3 f6 24. e5 fxe5 25. Qxe5 Qxe5 26. Rxe5 Rde8 27. Rfe1 1/2-1/2

[Event "20th Prague Open 2022"]
[Site "Prague"]
[Date "2022.01.08"]
[Round "2.15"]
[White "Lim, Zhuo Ren"]
[Black "Kukucka, Matej"]
[Result "1-0"]
[ECO "D78"]
[WhiteElo "2311"]
[BlackElo "2104"]
[Annotator "ChessBase"]
[PlyCount "57"]
[EventDate "2022.01.07"]
[EventType "swiss"]
[EventCountry "CZE"]
[SourceTitle "playchess.com"]
[Source "ChessBase"]
[SourceQuality "1"]
[TimeControl "40/5400+30:1800+30"]

1. d4 Nf6 2. c4 g6 3. g3 c6 4. Bg2 d5 5. Nf3 Bg7 6. O-O O-O 7. Qa4 dxc4 8. Qxc4 Bf5 9. Nc3 Ne4 10. Nh4 b5 11. Qb3 Nxc3 12. bxc3 Be6 13. Qc2 Bd5 14. e4 Bc4 15. Rd1 Nd7 16. Nf3 Nb6 17. h4 f5 18. h5 fxe4 19. Nh4 Bd3 20. Rxd3 exd3 21. Qxd3 Nd5 22. h6 Bf6 23. Nxg6 Rf7 24. Bd2 hxg6 25. Qxg6+ Kf8 26. h7 Ke8 27. Bh3 Nc7 28. Qg8+ Rf8 29. Bh6 1-0

[Event "20th Prague Open 2022"]
[Site "Prague"]
[Date "2022.01.08"]
[Round "2.18"]
[White "Unneland, Mathias"]
[Black "Mach, Petr"]
[Result "1-0"]
[ECO "B01"]
[WhiteElo "2262"]
[BlackElo "2090"]
[Annotator "ChessBase"]
[PlyCount "47"]
[EventDate "2022.01.07"]
[EventType "swiss"]
[EventCountry "CZE"]
[SourceTitle "playchess.com"]
[Source "ChessBase"]
[SourceQuality "1"]
[TimeControl "40/5400+30:1800+30"]

1. e4 d5 2. exd5 Nf6 3. d4 Nxd5 4. Nf3 g6 5. c4 Nb6 6. Nc3 Bg7 7. Be3 O-O 8. Qd2 Bg4 9. Ng5 e5 10. d5 f6 11. f3 fxg5 12. fxg4 c6 13. O-O-O cxd5 14. cxd5 Qc8 15. h3 Na6 16. Kb1 Nc4 17. Bxc4 Qxc4 18. Bxg5 e4 19. Rhe1 Nb4 20. Rxe4 Bxc3 21. Rxc4 Bxd2 22. Rxd2 Rf1+ 23. Rc1 Raf8 24. Rdd1 1-0

[Event "20th Prague Open 2022"]
[Site "Prague"]
[Date "2022.01.08"]
[Round "2.19"]
[White "Dev, Shah"]
[Black "Bouska, Jiri"]
[Result "1/2-1/2"]
[ECO "E62"]
[WhiteElo "2243"]
[BlackElo "2071"]
[Annotator "ChessBase"]
[PlyCount "117"]
[EventDate "2022.01.07"]
[EventType "swiss"]
[EventCountry "CZE"]
[SourceTitle "playchess.com"]
[Source "ChessBase"]
[SourceQuality "1"]
[TimeControl "40/5400+30:1800+30"]

1. d4 Nf6 2. c4 g6 3. Nc3 Bg7 4. Nf3 O-O 5. g3 d6 6. Bg2 c6 7. O-O Bf5 8. Nh4 Be6 9. d5 cxd5 10. cxd5 Bd7 11. e4 Na6 12. h3 Rc8 13. Be3 Nc5 14. Qe2 a6 15. Rfc1 b5 16. b4 Nb7 17. Qd2 Rc4 18. Rab1 Qb8 19. Bf1 Nxe4 20. Nxe4 Rxe4 21. Nf3 e6 22. Bd3 exd5 23. Bxe4 dxe4 24. Ng5 h6 25. Nxe4 Bf5 26. f3 d5 27. Bf4 Qd8 28. g4 Bxe4 29. fxe4 Qb6+ 30. Be3 d4 31. Bxh6 Bxh6 32. Qxh6 Qd6 33. Rb3 Qe5 34. Rd3 Nd6 35. Rcd1 Nc4 36. Re1 Nb2 37. Rb3 d3 38. Qe3 Rd8 39. Rxb2 Qxb2 40. e5 Qxa2 41. Qg5 Rd5 42. Qe3 Rd7 43. Rc1 d2 44. Rd1 Kg7 45. Kf2 Qc2 46. Qf3 Qc4 47. Qf6+ Kg8 48. e6 Qxe6 49. Qxe6 fxe6 50. Ke3 Rh7 51. Rxd2 Rxh3+ 52. Kf4 Rb3 53. Rd4 Rc3 54. Rd6 Kf7 55. g5 Rc4+ 56. Ke5 Rxb4 57. Rxa6 Ra4 58. Rb6 Ra7 59. Ke4 1/2-1/2

[Event "20th Prague Open 2022"]
[Site "Prague"]
[Date "2022.01.08"]
[Round "2.21"]
[White "Torngren, Gustav"]
[Black "Kudrytskyi, Stanislav"]
[Result "1-0"]
[ECO "A02"]
[WhiteElo "2228"]
[BlackElo "2057"]
[Annotator "ChessBase"]
[PlyCount "51"]
[EventDate "2022.01.07"]
[EventType "swiss"]
[EventCountry "CZE"]
[SourceTitle "playchess.com"]
[Source "ChessBase"]
[SourceQuality "1"]
[TimeControl "40/5400+30:1800+30"]

1. f4 Nf6 2. Nf3 d5 3. e3 g6 4. Be2 Bg7 5. d4 O-O 6. c3 c5 7. Ne5 b6 8. Nd2 Bb7 9. h4 Nbd7 10. h5 cxd4 11. exd4 Ne4 12. Nxe4 dxe4 13. hxg6 hxg6 14. Nxg6 fxg6 15. Bc4+ Rf7 16. f5 Nf6 17. fxg6 Bd5 18. gxf7+ Kxf7 19. Bxd5+ Qxd5 20. Qb3 e6 21. Qxd5 exd5 22. Bf4 Kg6 23. Be5 Bf8 24. Bxf6 Kxf6 25. Ke2 Kg6 26. Rh8 1-0

[Event "20th Prague Open 2022"]
[Site "Prague"]
[Date "2022.01.08"]
[Round "2.22"]
[White "Skou, Niels"]
[Black "Novotny, Michal"]
[Result "0-1"]
[ECO "A58"]
[WhiteElo "2061"]
[BlackElo "2236"]
[Annotator "ChessBase"]
[PlyCount "120"]
[EventDate "2022.01.07"]
[EventType "swiss"]
[EventCountry "CZE"]
[SourceTitle "playchess.com"]
[Source "ChessBase"]
[SourceQuality "1"]
[TimeControl "40/5400+30:1800+30"]

1. d4 Nf6 2. c4 c5 3. d5 b5 4. cxb5 a6 5. bxa6 g6 6. Nc3 Bg7 7. e4 O-O 8. a7 Rxa7 9. Nf3 e6 10. Be2 exd5 11. exd5 d6 12. O-O Na6 13. Qb3 Rd7 14. Rd1 Bb7 15. Bf4 Qa8 16. Rd2 Nc7 17. Bc4 Rb8 18. Qd1 Ba6 19. Bxa6 Qxa6 20. h3 Rb4 21. Be3 Nb5 22. Qf1 Ra7 23. Nxb5 Qxb5 24. Qxb5 Rxb5 25. Bf4 Ne4 26. Re2 f5 27. Ng5 Nxg5 28. Bxg5 Rxb2 29. Rae1 Rxe2 30. Rxe2 Be5 31. Be3 Rb7 32. f4 Bg7 33. Rc2 Rb4 34. Kf1 c4 35. Ke2 c3 36. Kd3 Ra4 37. g3 Kf7 38. Re2 Bf6 39. h4 Kg7 40. Bf2 Ra3 41. Rc2 Ra4 42. Re2 Kf7 43. Be3 Rb4 44. Bf2 Rb1 45. Be3 Ra1 46. Kc4 Rb1 47. Kd3 Kg7 48. Kc4 Kh6 49. a4 Kh5 50. a5 Rb2 51. Re1 Ra2 52. Kb5 c2 53. a6 Bb2 54. Kb6 Ra3 55. Bd2 Bd4+ 56. Kb7 Rd3 57. a7 Bxa7 58. Kxa7 Rxd2 59. Rc1 Rxd5 60. Rxc2 Rd3 0-1

[Event "20th Prague Open 2022"]
[Site "Prague"]
[Date "2022.01.08"]
[Round "2.24"]
[White "Hrbek, Stepan"]
[Black "Finn, Peter"]
[Result "1/2-1/2"]
[ECO "A28"]
[WhiteElo "2179"]
[BlackElo "2020"]
[Annotator "ChessBase"]
[PlyCount "150"]
[EventDate "2022.01.07"]
[EventType "swiss"]
[EventCountry "CZE"]
[SourceTitle "playchess.com"]
[Source "ChessBase"]
[SourceQuality "1"]
[TimeControl "40/5400+30:1800+30"]

1. c4 e5 2. Nc3 Nf6 3. Nf3 Nc6 4. e3 Bb4 5. Qc2 Bxc3 6. bxc3 O-O 7. e4 d6 8. g3 a6 9. Bg2 b5 10. O-O bxc4 11. Qa4 Qd7 12. Qxc4 a5 13. Qa4 Ba6 14. Re1 Rab8 15. Qc2 Rfe8 16. d3 h6 17. c4 Nb4 18. Qd1 c5 19. a3 Nc6 20. Bd2 Qc7 21. Qc2 Bc8 22. Reb1 Bd7 23. Rb5 a4 24. Rab1 Ne7 25. R5b2 Nh7 26. Bf1 Nf8 27. Be2 Ne6 28. Bd1 Nc6 29. Qc3 Ncd4 30. Qa5 Qxa5 31. Bxa5 Rxb2 32. Rxb2 Nxf3+ 33. Bxf3 Ra8 34. Bc3 Kf8 35. Bd1 Ke7 36. Rb6 Nd8 37. f4 f6 38. Kf2 Nc6 39. Rb2 Kd8 40. f5 Kc7 41. h4 Rb8 42. Rxb8 Nxb8 43. g4 Kd8 44. g5 hxg5 45. hxg5 Ke7 46. Kg3 Bc6 47. Kh4 Nd7 48. Kh5 fxg5 49. Ba5 Nf6+ 50. Kg6 Kf8 51. Bd8 Be8+ 52. Kxg5 Nh7+ 53. Kh4 Nf6 54. Bf3 Bf7 55. Be2 Ke8 56. Bxf6 gxf6 57. Bd1 Kd8 58. Bxa4 Kc7 59. Bb5 Kb6 60. Bd7 Ka5 61. Kg4 Kb6 62. Ba4 Ka5 63. Bd7 Kb6 64. Kf3 Bh5+ 65. Ke3 Ka5 66. Kd2 Bf7 67. Kc3 Bh5 68. Be6 Be8 69. Bg8 Bh5 70. Bd5 Be8 71. Be6 Bh5 72. Bd7 Bf7 73. Kd2 Bh5 74. Ke1 Bf7 75. Ke2 Bh5+ 1/2-1/2

[Event "20th Prague Open 2022"]
[Site "Prague"]
[Date "2022.01.08"]
[Round "3.3"]
[White "Mirzoev, Azer"]
[Black "Unneland, Mathias"]
[Result "1-0"]
[ECO "A16"]
[WhiteElo "2420"]
[BlackElo "2262"]
[Annotator "NA RC"]
[PlyCount "89"]
[EventDate "2022.01.07"]
[EventType "swiss"]
[EventCountry "CZE"]
[SourceTitle "playchess.com"]
[Source "ChessBase"]
[SourceQuality "1"]
[TimeControl "40/5400+30:1800+30"]

1. c4 Nf6 2. Nc3 e5 3. e3 d5 4. cxd5 Nxd5 5. Nf3 Nc6 6. Bb5 Nxc3 7. bxc3 Bd6 8. d4 e4 9. Nd2 Qg5 10. Qa4 Bd7 11. g3 a6 12. Be2 f5 13. Qb3 Nd8 14. Ba3 Bxa3 15. Qxa3 Qe7 16. Qb3 Be6 17. Bc4 O-O 18. a4 Bxc4 19. Nxc4 Qe6 20. Nd2 Qxb3 21. Nxb3 a5 22. Ke2 Rf6 23. Rab1 b6 24. h4 Nb7 25. Rhc1 Rc8 26. Rc2 c5 27. Rcb2 cxd4 28. cxd4 Rc4 29. Nd2 Rxa4 30. Rxb6 Rxb6 31. Rxb6 Rb4 32. Ra6 Kf7 33. Kd1 Ke7 34. Kc2 Kd7 35. Kc3 Ra4 36. Nc4 Ra2 37. d5 Rxf2 38. Ne5+ Ke7 39. Ra7 Kd6 40. Nc4+ Kxd5 41. Rxb7 g6 42. Rxh7 Rg2 43. Ra7 Rxg3 44. Rxa5+ Ke6 45. Kd4 1-0

[Event "20th Prague Open 2022"]
[Site "Prague"]
[Date "2022.01.08"]
[Round "3.22"]
[White "Bouska, Jiri"]
[Black "Hrbek, Stepan"]
[Result "0-1"]
[ECO "B33"]
[WhiteElo "2071"]
[BlackElo "2179"]
[Annotator "NA RC"]
[PlyCount "78"]
[EventDate "2022.01.07"]
[EventType "swiss"]
[EventCountry "CZE"]
[SourceTitle "playchess.com"]
[Source "ChessBase"]
[SourceQuality "1"]
[TimeControl "40/5400+30:1800+30"]

1. e4 c5 2. Nf3 Nc6 3. d4 cxd4 4. Nxd4 Nf6 5. Nc3 e5 6. Ndb5 d6 7. Bg5 a6 8. Na3 b5 9. Nd5 Be7 10. Bxf6 Bxf6 11. g3 h5 12. Bg2 Bg4 13. Qd3 h4 14. O-O Ne7 15. Nxf6+ gxf6 16. c4 b4 17. Nc2 Qb6 18. Ne3 Be6 19. Rfd1 Rd8 20. Rac1 hxg3 21. hxg3 Nc6 22. Kf1 Kf8 23. f4 Kg7 24. f5 Bc8 25. Qe2 Rh6 26. Kf2 Nd4 27. Qg4+ Rg6 28. Qh4 Rh6 29. Qg4+ Rg6 30. Qh4 Rh8 31. Qxh8+ Kxh8 32. fxg6 fxg6 33. Rh1+ Kg7 34. Rh2 Be6 35. g4 b3 36. axb3 Qxb3 37. Re1 Qxb2+ 38. Kg1 Qd2 39. Kf1 Nf3 0-1

[Event "20th Prague Open 2022"]
[Site "Prague"]
[Date "2022.01.12"]
[Round "7.8"]
[White "Cholleti Sahajasri"]
[Black "Czerw, Dawid"]
[Result "0-1"]
[ECO "A57"]
[WhiteElo "2235"]
[BlackElo "2396"]
[Annotator "RC"]
[PlyCount "92"]
[EventDate "2022.01.07"]
[EventType "swiss"]
[EventCountry "CZE"]
[SourceTitle "playchess.com"]
[Source "ChessBase"]
[SourceQuality "1"]
[TimeControl "40/5400+30:1800+30"]

1. d4 Nf6 2. c4 c5 3. d5 b5 4. Bg5 bxc4 5. Nd2 Qa5 6. Bxf6 gxf6 7. Qc2 d6 8. e4 Nd7 9. Bxc4 Nb6 10. Be2 Bh6 11. Ngf3 Ba6 12. Bxa6 Qxa6 13. b3 Rb8 14. Qd1 f5 15. exf5 Qd3 16. Qb1 Qc3 17. Qd1 Bxd2+ 18. Nxd2 Qe5+ 19. Kf1 Qxf5 20. Qe2 Nxd5 21. Nc4 O-O 22. Re1 Rbe8 23. h4 Nf4 24. Qf3 Qd3+ 25. Qxd3 Nxd3 26. Re3 Nb4 27. Ke2 f6 28. Rd1 Nc6 29. Kf1 Rd8 30. f4 Kf7 31. Rd5 Rg8 32. a3 Rb8 33. Kf2 a5 34. Rd1 Rgd8 35. Rd5 Rd7 36. g4 Rdb7 37. Rdd3 a4 38. bxa4 Ra7 39. Re4 f5 40. gxf5 Nd4 41. Ne3 Rb2+ 42. Kf1 Rxa4 43. f6 e6 44. f5 e5 45. Nd5 Rc4 46. Rg4 Rc1+ 0-1

[Event "20th Prague Open 2022"]
[Site "Prague"]
[Date "2022.01.12"]
[Round "7.9"]
[White "Plischki, Sebastian"]
[Black "Dev, Shah"]
[Result "1-0"]
[ECO "A33"]
[WhiteElo "2375"]
[BlackElo "2243"]
[Annotator "ChessBase"]
[PlyCount "153"]
[EventDate "2022.01.07"]
[EventType "swiss"]
[EventCountry "CZE"]
[SourceTitle "playchess.com"]
[Source "ChessBase"]
[SourceQuality "1"]
[TimeControl "40/5400+30:1800+30"]

1. c4 c5 2. Nf3 Nf6 3. Nc3 Nc6 4. d4 cxd4 5. Nxd4 e6 6. g3 Qb6 7. Nb3 Ne5 8. e4 Bb4 9. Qe2 d6 10. Bd2 Bd7 11. f4 Ng6 12. e5 dxe5 13. fxe5 Bc6 14. c5 Qc7 15. exf6 Bxc3 16. Bxc3 Bxh1 17. fxg7 Rg8 18. O-O-O Rd8 19. Re1 Bd5 20. Qf2 Rd7 21. Kb1 Ne7 22. Nc1 f5 23. Bb5 Be4+ 24. Ka1 Nc6 25. Bc4 Re7 26. Nd3 Kd7 27. Nf4 Nd8 28. Nh5 Kc8 29. Nf6 Rexg7 30. Nxe4 fxe4 31. Bxg7 Rxg7 32. Rxe4 Rg5 33. Bxe6+ Nxe6 34. Rxe6 Qxc5 35. Re8+ Kc7 36. Qf7+ Kb6 37. Re6+ Ka5 38. Re1 Qb4 39. Qc7+ Ka6 40. Re6+ b6 41. a3 Qb3 42. Qc8+ Ka5 43. Qd7 Ka6 44. Re4 Rb5 45. Qd4 Rd5 46. Qc4+ Qxc4 47. Rxc4 Rd7 48. Kb1 Kb5 49. b3 Rf7 50. a4+ Ka5 51. Rh4 b5 52. Kc2 Rd7 53. axb5 Kxb5 54. Kc3 a5 55. Rh5+ Kb6 56. g4 Rf7 57. h3 Rd7 58. Kc4 Rc7+ 59. Kd4 Ra7 60. Ke4 Rb7 61. Rd5 Ka6 62. Rd3 Kb5 63. h4 Kb4 64. g5 Rf7 65. h5 Rf1 66. Rg3 Rh1 67. g6 Rh4+ 68. Kf3 hxg6 69. hxg6 Rh8 70. Kg4 Rg8 71. Kg5 Ka3 72. Kf6 Rb8 73. g7 Rb6+ 74. Kf7 Rb7+ 75. Kg6 Rb8 76. Kh7 Rb7 77. Kh8 1-0